 Dungeon Crawl Stone Soup version 0.31-a0-154-g56bf346678 (webtiles) character file.

Game seed: 10618210597649741815

330 pokeman the Magician (level 6, -6/34 HPs)
             Began as a Deep Elf Hedge Wizard on June 11, 2023.
             Mangled by a sleepcap (15 damage)
             ... on level 4 of the Dungeon.
             The game lasted 00:06:56 (4101 turns).

pokeman the Magician (Deep Elf Hedge Wizard)        Turns: 4101, Time: 00:06:56

Health: -6/34      AC:  6    Str:  7    XL:     6   Next: 26%
Magic:  7/17       EV:  2    Int: 21    God:
Gold:   85         SH:  0    Dex: 14    Spells: 10/18 levels left

rFire   + . .        p - +0 dagger (speed)
rCold   . . .        (no shield)
rNeg    . . .        v - +2 leather armour {rF+}
rPois   .            o - +0 helmet
rElec   .            (no cloak)
rCorr   .            (no gloves)
SInv    .            (no boots)
Will    .....        (no amulet)
Stlth   ++           (no ring)
HPRegen 0.25/turn    (no ring)
MPRegen 0.15/turn

%: no passive effects
@: sleeping
A: no striking features
a: no special abilities


You were on level 4 of the Dungeon.
You visited 1 branch of the dungeon, and saw 4 of its levels.

You collected 118 gold pieces.
You spent 33 gold pieces at shops.

Inventory:

Hand Weapons
 p - a +0 dagger of speed (weapon)
Armour
 o - a +0 helmet (worn)
 v - a +2 leather armour of fire resistance (worn)
Wands
 m - a wand of flame (14)
Scrolls
 b - a scroll of torment {unknown}
 c - a scroll of noise {unknown}
 e - 3 scrolls of teleportation
 f - 3 scrolls of identify {unknown}
 h - a scroll of immolation {unknown}
 i - 2 scrolls of fear {unknown}
 j - 3 scrolls of enchant weapon {unknown}
 t - 2 scrolls of blinking {unknown}
 u - a scroll of amnesia {unknown}
Potions
 a - a potion of might {unknown}
 d - a potion of magic
 g - 2 potions of enlightenment {unknown}
 k - 2 potions of invisibility {unknown}
 l - a potion of degeneration {unknown}
 n - a potion of lignification {unknown}
 q - a potion of mutation {unknown}
 r - a potion of brilliance {unknown}
 s - a potion of ambrosia {unknown}


   Skills:
 + Level 1.2 Fighting
 - Level 1.0 Armour
 - Level 3.1 Dodging
 - Level 3.0 Stealth
 * Level 6.8 Spellcasting
 + Level 3.2 Conjurations
 + Level 1.2 Summonings
 - Level 1.1 Translocations
 - Level 1.0 Air Magic
 - Level 1.0 Poison Magic
 - Level 1.0 Evocations


You had 10 spell levels left.
You knew the following spells:

 Your Spells              Type           Power      Damage    Failure   Level
a - Magic Dart            Conj           80%        1d7       3%          1
b - Mephitic Cloud        Conj/Pois/Air  14%        N/A       19%         3
c - Call Imp              Summ           24%        N/A       12%         2
d - Blink                 Tloc           22%        N/A       13%         2

Your spell library contained the following spells:

 Spells                   Type           Power      Damage    Failure   Level
 Apportation              Tloc           22%        N/A       9%          1
 Slow                     Hex            28%        N/A       13%         1
 Cigotuvi's Dreadful Rot  Necr/Pois/Air  20%        N/A       16%         2
 Animate Dead             Necr           7%         N/A       78%         4
 Alistair's Intoxication  Tmut/Pois      6%         N/A       96%         5
 Haunt                    Necr/Summ      4%         N/A       100%        7
 Infestation              Necr           3%         N/A       100%        8


Dungeon Overview and Level Annotations

Branches:
Dungeon (4/15)
 Temple: D:4-7

Altars:

Shops:
D:2 ?   D:3 (


Message History

Casting: Blink (safe; 13% risk of failure)
Confirm with . or Enter, or press ? or * to list all spells.
Aiming: Magic Dart (safe; 3% risk of failure)
Press: ? - help, Shift-Dir - straight line, f/p - sleepcap
Aim: a sleepcap (severely damaged, not watching you, ally target, 100% to hit)
The magic dart hits the sleepcap but does no damage.
The sleepcap is severely damaged.
Unknown command.
Casting: Magic Dart (safe; 3% risk of failure)
Confirm with . or Enter, or press ? or * to list all spells.
Aiming: Magic Dart (safe; 3% risk of failure)
Press: ? - help, Shift-Dir - straight line, f/p - sleepcap
Aim: a sleepcap (severely damaged, ally target, 100% to hit)
The magic dart hits the sleepcap.
The sleepcap is severely damaged.
Your cerulean imp disappears in a puff of smoke!
The sleepcap releases spores at you but does no damage.
Casting: Magic Dart (safe; 3% risk of failure)
Confirm with . or Enter, or press ? or * to list all spells.
Aiming: Magic Dart (safe; 3% risk of failure)
Press: ? - help, Shift-Dir - straight line, f/p - sleepcap
Aim: a sleepcap (severely damaged, 100% to hit)
The magic dart hits the sleepcap.
The sleepcap is almost destroyed.
The sleepcap misses you.
Unknown command.
Casting: Magic Dart (safe; 3% risk of failure)
Confirm with . or Enter, or press ? or * to list all spells.
Aiming: Magic Dart (safe; 3% risk of failure)
Press: ? - help, Shift-Dir - straight line, f/p - sleepcap
Aim: a sleepcap (almost destroyed, 100% to hit)
The magic dart hits the sleepcap but does no damage.
The sleepcap is almost destroyed.
You feel stable enough to blink again. The sleepcap releases spores at you.
* * * LOW HITPOINT WARNING * * *
You are engulfed in a cloud of soporific spores!
You fall asleep.
The sleepcap releases spores at you!
You die...

#.# #.# ##+## #.#
##...## #.#### ##.....##
#....# ##.....@.##
##.##.#
#......f..####...#.###.#
+.........'....)........
#.........####...#.###.#
##.......## ##.##.#
##.....##########.#
##...## #........# ##'##
#.#####..# #.# ###<.#


You could see a sleepcap.

Vanquished Creatures
  A scorpion (D:3)
  2 vampire bats (D:3)
  An orc priest (D:3)
  2 orc wizards (D:3)
  Robin (D:2)
  An adder (D:3)
  2 dart slugs
  2 orcs (D:3)
  5 endoplasms
  3 giant cockroaches
  11 goblins
  16 hobgoblins
  2 jackals (D:1)
  6 kobolds
  3 ball pythons (D:1)
  18 bats
  4 frilled lizards
  8 rats
88 creatures vanquished.

Notes
Turn   | Place    | Note
-------+----------+-------------------------------------------
     0 | D:1      | pokeman the Deep Elf Hedge Wizard began the quest for the
                  | Orb.
     0 | D:1      | Reached XP level 1. HP: 10/10 MP: 7/7
   237 | D:1      | Reached XP level 2. HP: 16/16 MP: 1/9
   798 | D:1      | Reached skill level 5 in Spellcasting
   987 | D:1      | Reached XP level 3. HP: 20/20 MP: 9/11
   993 | D:1      | Learned a level 3 spell: Mephitic Cloud
   996 | D:1      | Learned a level 2 spell: Call Imp
   999 | D:1      | Learned a level 2 spell: Blink
  1054 | D:1      | Found a faded altar of an unknown god.
  1698 | D:2      | Reached skill level 1 in Armour
  1771 | D:2      | Reached skill level 1 in Fighting
  1996 | D:2      | Noticed Robin
  2162 | D:2      | Killed Robin
  2163 | D:2      | Reached XP level 4. HP: 20/25 MP: 2/13
  2257 | D:2      | Found Fiuk's Magic Scroll Shoppe.
  2268 | D:2      | Bought a scroll of teleportation for 33 gold pieces
  3067 | D:3      | Found Reghucopt's Weapon Boutique.
  3192 | D:3      | Noticed a scorpion
  3321 | D:3      | Reached skill level 6 in Spellcasting
  3321 | D:3      | Reached XP level 5. HP: 25/29 MP: 6/15
  3413 | D:3      | Reached skill level 1 in Evocations
  3702 | D:3      | Reached skill level 1 in Poison Magic
  3702 | D:3      | Reached XP level 6. HP: 34/34 MP: 7/17
  3709 | D:3      | Reached skill level 1 in Air Magic
  4101 | D:4      | Mangled by a sleepcap

Illustrated notes

Levels and vault maps discovered:
D:1:      dpeg_arrival_boxorama, layout_basic, ebering_ecumenical_altar_webs,
          minmay_cupped
D:2:      layout_basic, serial_shops, nicolae_shop_tiny_statue_garden,
          uniq_robin
D:3:      layout_rooms, serial_shops, shop, roderic_batcave
D:4:      layout_loops_corners, serial_shops, shop, grunt_ministairs_15,
          nrook_mini_vaults, nicolae_half_adder

Skill      XL: |  1  2  3  4  5  6 |
---------------+-------------------+-----
Spellcasting   | 5 6 |  6.8
Armour         | 1 |  1.0
Fighting       | 1 |  1.2
Conjurations   | 2 3 |  3.2
Stealth        | 3 |  3.0
Dodging        | 3 |  3.1
Evocations     | 1 |  1.0
Poison Magic   | 1 |  1.0
Air Magic      | 1 |  1.0
Summonings     | |  1.2
Translocations | |  1.1

Action                     |  1- 3 |  4- 6 || total
---------------------------+-------+-------++-------
  Melee: Dagger            |    37 |    25 ||    62
         Punch             |       |     1 ||     1
   Cast: Magic Dart        |   130 |    87 ||   217
         Mephitic Cloud    |       |     5 ||     5
         Blink             |       |     1 ||     1
         Call Imp          |       |     1 ||     1
   Stab: Confused          |       |     3 ||     3
 Armour: Robe              |    12 |     5 ||    17
         Leather armour    |       |     2 ||     2
  Dodge: Dodged            |    47 |    20 ||    67

Table legend: (Time is in decaauts)
 A = Elapsed time spent in this place.
 B = Non-inter-level travel time spent in this place.
 C = Inter-level travel time spent in this place.
 D = Time resting spent in this place.
 E = Time spent auto-exploring this place.
 F = Levels seen in this place.
 G = Mean time per level.
                   A        B        C        D        E       F      G
               +--------+--------+--------+--------+--------+-----+--------+
         Total |   4091 |   4007 |     84 |     58 |   3422 |   4 | 1022.8 |
       Dungeon |   4091 |   4007 |     84 |     58 |   3422 |   4 | 1022.8 |
               +--------+--------+--------+--------+--------+-----+--------+

Top non-repeatable levels by time:
     D:2: 1553 daAuts
     D:1: 1471 daAuts
     D:3: 1001 daAuts
     D:4: 65 daAuts
